[Event "GER-ch Youth U18w 2019"]
[Site "Willingen"]
[Date "2019.06.12"]
[Round "6.10"]
[White "Fuchs, Emily"]
[Black "Trams, Emma Joe"]
[Result "1/2-1/2"]
[ECO "C44"]
[WhiteElo "1384"]
[BlackElo "1418"]
[Annotator "NA"]
[PlyCount "75"]
[EventDate "2019.06.07"]
[EventType "swiss"]
[EventRounds "9"]
[EventCountry "GER"]
[SourceTitle "playchess.com"]
[Source "ChessBase"]
[SourceQuality "1"]
[TimeControl "40/5400+30:1800+30"]

1. e4 e5 2. Nf3 Nc6 3. d4 exd4 4. Nxd4 Nxd4 5. Qxd4 d6 6. Bc4 Be6 7. O-O Nf6 8. Nc3 Be7 9. Bg5 h6 10. Bh4 O-O 11. Rad1 Re8 12. Bxe6 fxe6 13. Rfe1 e5 14. Qc4+ Kh8 15. Bg3 Bf8 16. f4 exf4 17. Bxf4 Qc8 18. Nb5 Re7 19. e5 dxe5 20. Rxe5 c6 21. Rxe7 Bxe7 22. Nd6 Bxd6 23. Rxd6 Qf5 24. Rd4 Re8 25. Bd2 Re4 26. Rxe4 Qxe4 27. Qxe4 Nxe4 28. Be3 a6 29. Kf1 Kg8 30. Ke2 Kf7 31. Kd3 Nf6 32. Kd4 Ke6 33. h3 h5 34. Bf2 g6 35. a4 Nd5 36. g3 Kd6 37. c4 Nf6 38. b3 {normal} 1/2-1/2

[Event "GER-ch Youth U18w 2019"]
[Site "Willingen"]
[Date "2019.06.12"]
[Round "6.11"]
[White "Kuemmel, Tina"]
[Black "Peters, Jenna Maria Lara"]
[Result "1/2-1/2"]
[ECO "A06"]
[WhiteElo "1446"]
[BlackElo "1594"]
[Annotator "NA"]
[PlyCount "65"]
[EventDate "2019.06.07"]
[EventType "swiss"]
[EventRounds "9"]
[EventCountry "GER"]
[SourceTitle "playchess.com"]
[Source "ChessBase"]
[SourceQuality "1"]
[TimeControl "40/5400+30:1800+30"]

1. Nf3 d5 2. g3 Nf6 3. Bg2 Bf5 4. d4 h6 5. c4 e6 6. Nc3 Be7 7. Ne5 c6 8. O-O Nbd7 9. cxd5 exd5 10. Nxd7 Qxd7 11. Re1 O-O 12. f3 Rad8 13. Be3 Bh7 14. Bf2 Rfe8 15. h3 Qc7 16. e4 dxe4 17. fxe4 Bb4 18. e5 Bxc3 19. bxc3 Nd5 20. Qf3 Qd7 21. g4 f6 22. Bh4 g5 23. Bg3 fxe5 24. Bxe5 Rf8 25. Qg3 Nb6 26. Re2 Rde8 27. Rae1 Nc4 28. Be4 Bxe4 29. Rxe4 Qd5 30. Qd3 Nxe5 31. Rxe5 Rxe5 32. Rxe5 Qf7 33. Qe2 {[%emt 0:06:40] normal} 1/2-1/2

[Event "GER-ch Youth U18w 2019"]
[Site "Willingen"]
[Date "2019.06.12"]
[Round "6.12"]
[White "Schneider, Xenia"]
[Black "Kadach, Maria"]
[Result "1-0"]
[ECO "B13"]
[WhiteElo "1364"]
[BlackElo "1448"]
[Annotator "NA"]
[PlyCount "81"]
[EventDate "2019.06.07"]
[EventType "swiss"]
[EventRounds "9"]
[EventCountry "GER"]
[SourceTitle "playchess.com"]
[Source "ChessBase"]
[SourceQuality "1"]
[TimeControl "40/5400+30:1800+30"]

1. e4 c6 2. d4 d5 3. exd5 cxd5 4. Bd3 Nc6 5. c3 Qc7 6. Ne2 e6 7. Bf4 Bd6 8. Bxd6 Qxd6 9. Qb3 Nf6 10. Nd2 O-O 11. O-O Rb8 12. Ng3 Bd7 13. Qd1 Rfc8 14. f4 b5 15. Nh5 Qe7 16. Qf3 g6 17. Nxf6+ Qxf6 18. Qg3 Qg7 19. Rf3 b4 20. Ba6 Rd8 21. Nb3 bxc3 22. bxc3 Rb6 23. Bd3 Bc8 24. Re1 Ba6 25. h4 Bxd3 26. Rxd3 Ne7 27. Qg5 Qf8 28. h5 Nf5 29. hxg6 fxg6 30. g4 Ne7 31. Rh3 Re8 32. Nc5 Qf7 33. Nd7 Rb2 34. Nf6+ Kh8 35. Rxh7+ Qxh7 36. Nxh7 Kxh7 37. Qf6 Rbb8 38. Kf2 Ng8 39. Rh1+ Nh6 40. Qf7+ Kh8 41. Rxh6# {[%emt 0:30:06] normal} 1-0

[Event "GER-ch Youth U18w 2019"]
[Site "Willingen"]
[Date "2019.06.12"]
[Round "6.13"]
[White "Gesell, Patricia"]
[Black "Mundt, Alexandra"]
[Result "1-0"]
[ECO "A06"]
[WhiteElo "1046"]
[BlackElo "1797"]
[Annotator "NA"]
[PlyCount "28"]
[EventDate "2019.06.07"]
[EventType "swiss"]
[EventRounds "9"]
[EventCountry "GER"]
[SourceTitle "playchess.com"]
[Source "ChessBase"]
[SourceQuality "1"]
[TimeControl "40/5400+30:1800+30"]

1. Nf3 d5 2. c4 c6 3. g3 h6 4. Bg2 Bf5 5. b3 e6 6. Bb2 a5 7. O-O Nf6 8. e3 dxc4 9. Re1 Nbd7 10. bxc4 Bd3 11. Ne5 Nxe5 12. Bxe5 Nd7 13. Bb2 Bxc4 14. Nc3 Nc5 {[%emt 0:05:25] normal} 1-0

[Event "GER-ch Youth U18w 2019"]
[Site "Willingen"]
[Date "2019.06.13"]
[Round "7.2"]
[White "Nguyen, Ha Thanh"]
[Black "Poetsch, Leonore"]
[Result "1/2-1/2"]
[ECO "C12"]
[WhiteElo "1940"]
[BlackElo "1982"]
[Annotator "NA"]
[PlyCount "74"]
[EventDate "2019.06.07"]
[EventType "swiss"]
[EventRounds "9"]
[EventCountry "GER"]
[SourceTitle "playchess.com"]
[Source "ChessBase"]
[SourceQuality "1"]
[TimeControl "40/5400+30:1800+30"]

1. e4 e6 2. d4 d5 3. Nc3 Nf6 4. Bg5 Bb4 5. e5 h6 6. Bd2 Bxc3 7. bxc3 Ne4 8. Qg4 g6 9. Qf4 c5 10. Bd3 Nxd2 11. Qxd2 Nc6 12. Nf3 Qa5 13. dxc5 Qxc5 14. h4 Bd7 15. a4 d4 16. Qf4 Qxc3+ 17. Ke2 O-O-O 18. Rhb1 f5 19. Nd2 g5 20. hxg5 hxg5 21. Qxg5 Nxe5 22. Qf4 Nf7 23. Nb3 e5 24. Qd2 Qc6 25. Na5 Qxg2 26. Rg1 Qd5 27. Qb4 Nd6 28. Rab1 b6 29. Rg6 Qxa5 30. Qxa5 bxa5 31. Rxd6 Kc7 32. Ra6 e4 33. Rxa7+ Kd6 34. Ra6+ Ke7 35. Bb5 Ra8 36. Rg6 Rhg8 37. Rh6 Bxb5+ {[%emt 0:00:27] normal} 1/2-1/2

[Event "GER-ch Youth U18w 2019"]
[Site "Willingen"]
[Date "2019.06.13"]
[Round "7.3"]
[White "Ratay, Meike"]
[Black "Arnhold, Steffi"]
[Result "0-1"]
[ECO "B32"]
[WhiteElo "1991"]
[BlackElo "1996"]
[Annotator "NA"]
[PlyCount "80"]
[EventDate "2019.06.07"]
[EventType "swiss"]
[EventRounds "9"]
[EventCountry "GER"]
[SourceTitle "playchess.com"]
[Source "ChessBase"]
[SourceQuality "1"]
[TimeControl "40/5400+30:1800+30"]

1. e4 c5 2. Nf3 Nc6 3. d4 cxd4 4. Nxd4 Qb6 5. Nb3 Nf6 6. Nc3 e6 7. Be3 Qc7 8. a3 a6 9. Be2 Be7 10. O-O b5 11. f4 d6 12. Bf3 Bb7 13. Qe2 O-O 14. Qf2 Rac8 15. Rac1 Qb8 16. Rfd1 Rfd8 17. a4 b4 18. Ne2 Bf8 19. c3 bxc3 20. Nxc3 Qa8 21. a5 Nb4 22. Bb6 Rd7 23. e5 Bxf3 24. gxf3 Nfd5 25. Nxd5 Nxd5 26. Be3 Rb7 27. Rxc8 Qxc8 28. Rd3 Qc4 29. Nc1 dxe5 30. b3 Qb5 31. fxe5 Qxa5 32. Kh1 Qa1 33. f4 Rc7 34. Rd1 Qb1 35. Qf3 Rc3 36. Nd3 Qxb3 37. Bd4 Rc4 38. f5 Rxd4 39. fxe6 Nf4 40. exf7+ Qxf7 {[%emt 0:01:12] normal} 0-1

[Event "GER-ch Youth U18w 2019"]
[Site "Willingen"]
[Date "2019.06.13"]
[Round "7.4"]
[White "Kobald, Jacqueline"]
[Black "Moenster, Madita"]
[Result "0-1"]
[ECO "B32"]
[WhiteElo "1839"]
[BlackElo "1994"]
[Annotator "NA RC"]
[PlyCount "94"]
[EventDate "2019.06.07"]
[EventType "swiss"]
[EventRounds "9"]
[EventCountry "GER"]
[SourceTitle "playchess.com"]
[Source "ChessBase"]
[SourceQuality "1"]
[TimeControl "40/5400+30:1800+30"]

1. e4 c5 2. Nf3 Nc6 3. d4 cxd4 4. Nxd4 e5 5. Nb5 d6 6. N1c3 a6 7. Na3 Be7 8. Nd5 Nf6 9. Nxf6+ Bxf6 10. c4 O-O 11. Bd3 Bg5 12. O-O Kh8 13. Kh1 Bf4 14. g3 Bxc1 15. Rxc1 Qe7 16. Nc2 f5 17. f3 f4 18. g4 Rf6 19. Rf2 Rg6 20. Rg2 h5 21. gxh5 Rh6 22. Rg6 Rxh5 23. Be2 Be6 24. Qg1 Kh7 25. Rd1 Qf7 26. Rg5 Rd8 27. b3 Rh6 28. Qg2 Rd7 29. Rg1 a5 30. Qf2 a4 31. Qb6 Nd8 32. Qb5 Bh3 33. Rd1 Qf6 34. Rgg1 Qh4 35. Rd2 Bg4 36. Rg2 Bh3 37. Rg1 axb3 38. axb3 Be6 39. Bf1 Nf7 40. Qb6 Ng5 41. Qf2 Qh5 42. Ne1 Nf7 43. Qg2 g5 44. Ra2 Rg6 45. Nd3 g4 46. fxg4 Bxg4 47. Qf2 Ng5 {[%emt 0:02:16] normal} 0-1

[Event "GER-ch Youth U18w 2019"]
[Site "Willingen"]
[Date "2019.06.13"]
[Round "7.5"]
[White "Ziegenfuss, Antonia"]
[Black "Koehler, Inken"]
[Result "1-0"]
[ECO "A22"]
[WhiteElo "2111"]
[BlackElo "1975"]
[Annotator "NA"]
[PlyCount "77"]
[EventDate "2019.06.07"]
[EventType "swiss"]
[EventRounds "9"]
[EventCountry "GER"]
[SourceTitle "playchess.com"]
[Source "ChessBase"]
[SourceQuality "1"]
[TimeControl "40/5400+30:1800+30"]

1. c4 e5 2. Nc3 Nf6 3. g3 d5 4. cxd5 Nxd5 5. Bg2 Ne7 6. Nf3 Nbc6 7. O-O g6 8. Rb1 Bg7 9. b4 a6 10. a4 O-O 11. d3 Kh8 12. b5 Nd4 13. Nxd4 exd4 14. Ne4 axb5 15. axb5 Ra7 16. Bd2 Be6 17. Ra1 Rxa1 18. Qxa1 Bd5 19. Bb4 Re8 20. Rc1 h6 21. b6 cxb6 22. Nd6 Rf8 23. Bxd5 Nxd5 24. Nxb7 Qe8 25. Bxf8 Qxf8 26. Qa7 Kh7 27. Ra1 Qe7 28. Re1 h5 29. Qb8 Be5 30. Qc8 Bf6 31. Qc6 Nb4 32. Qxb6 Nxd3 33. Rb1 Ne5 34. Qd6 Qxd6 35. Nxd6 Kg7 36. Rb7 g5 37. Ne8+ Kg6 38. Rb6 Nd7 39. Rd6 {[%emt 0:00:07] normal} 1-0

[Event "GER-ch Youth U18w 2019"]
[Site "Willingen"]
[Date "2019.06.13"]
[Round "7.6"]
[White "Schiewe, Nadin"]
[Black "Reitz, Theresa"]
[Result "0-1"]
[ECO "D85"]
[WhiteElo "1608"]
[BlackElo "1976"]
[Annotator "NA"]
[PlyCount "70"]
[EventDate "2019.06.07"]
[EventType "swiss"]
[EventRounds "9"]
[EventCountry "GER"]
[SourceTitle "playchess.com"]
[Source "ChessBase"]
[SourceQuality "1"]
[TimeControl "40/5400+30:1800+30"]

1. d4 Nf6 2. c4 g6 3. Nc3 d5 4. cxd5 Nxd5 5. Bd2 Bg7 6. e4 Nxc3 7. Bxc3 O-O 8. h3 e5 9. dxe5 Qe7 10. Nf3 Nc6 11. Qc2 Nxe5 12. Nxe5 Bxe5 13. Bxe5 Qxe5 14. Bd3 Qg5 15. f3 Rd8 16. Kf2 Be6 17. Rhd1 Qa5 18. b3 Qe5 19. Rac1 c6 20. Rd2 a5 21. Rcd1 a4 22. Bc4 Qc5+ 23. Ke2 Rxd2+ 24. Rxd2 Bxc4+ 25. Qxc4 Qg1 26. Rd7 Qxg2+ 27. Ke3 Qg5+ 28. Ke2 Qf6 29. Rxb7 axb3 30. Qxb3 Qf4 31. a4 Rd8 32. Qc3 Qh2+ 33. Ke3 Qxh3 34. Qf6 Qh6+ 35. Qf4 Rd3+ {[%emt 0:00:25] normal Kd4} 0-1

[Event "GER-ch Youth U18w 2019"]
[Site "Willingen"]
[Date "2019.06.13"]
[Round "7.7"]
[White "Fock, Sana"]
[Black "Koenze, Heike"]
[Result "0-1"]
[ECO "B23"]
[WhiteElo "1796"]
[BlackElo "1919"]
[Annotator "NA"]
[PlyCount "128"]
[EventDate "2019.06.07"]
[EventType "swiss"]
[EventRounds "9"]
[EventCountry "GER"]
[SourceTitle "playchess.com"]
[Source "ChessBase"]
[SourceQuality "1"]
[TimeControl "40/5400+30:1800+30"]

1. e4 c5 2. Nc3 Nc6 3. f4 e6 4. Nf3 d5 5. Bb5 Nge7 6. exd5 exd5 7. Qe2 Bg4 8. Bxc6+ bxc6 9. O-O Qd6 10. d3 g6 11. Qe1 Bxf3 12. Rxf3 Bg7 13. Na4 O-O 14. Be3 d4 15. Bd2 Nf5 16. Kh1 Rae8 17. Qf2 c4 18. dxc4 Ne3 19. Rc1 Nxc4 20. b3 Nxd2 21. Qxd2 Re6 22. Nb2 Rfe8 23. Nc4 Qe7 24. Ne5 Bxe5 25. fxe5 c5 26. Re1 Rxe5 27. Rxe5 Qxe5 28. Kg1 Qe1+ 29. Qxe1 Rxe1+ 30. Rf1 Re3 31. Kf2 Kg7 32. Rd1 f5 33. b4 cxb4 34. Rxd4 Rc3 35. Rd7+ Kf6 36. Rxa7 Rxc2+ 37. Kf3 h6 38. Ra4 Rb2 39. Ra5 g5 40. h3 f4 41. h4 gxh4 42. Kxf4 Rxg2 43. Rh5 Kg6 44. Rxh4 Rxa2 45. Rg4+ Kh7 46. Ke3 b3 47. Rb4 Rb2 48. Kd3 h5 49. Kc3 Rb1 50. Rb6 Kg7 51. Rd6 h4 52. Rd4 h3 53. Rh4 Rh1 54. Kxb3 Kg6 55. Kc2 Kg5 56. Rh8 Kg4 57. Rg8+ Kf3 58. Rf8+ Kg2 59. Rg8+ Kh2 60. Kb2 Rg1 61. Rh8 Kg2 62. Rg8+ Kh1 63. Rh8 h2 64. Kb3 Rg3+ {[%emt 0:00:17] normal} 0-1

[Event "GER-ch Youth U18w 2019"]
[Site "Willingen"]
[Date "2019.06.13"]
[Round "7.8"]
[White "Alferova, Ekaterina"]
[Black "Browning, Rebecca"]
[Result "0-1"]
[ECO "D00"]
[WhiteElo "1597"]
[BlackElo "1923"]
[Annotator "NA"]
[PlyCount "67"]
[EventDate "2019.06.07"]
[EventType "swiss"]
[EventRounds "9"]
[EventCountry "GER"]
[SourceTitle "playchess.com"]
[Source "ChessBase"]
[SourceQuality "1"]
[TimeControl "40/5400+30:1800+30"]

1. d4 d5 2. Bf4 c5 3. dxc5 Nc6 4. e3 e5 5. Bg3 Bxc5 6. c3 Nf6 7. h3 O-O 8. Nf3 Bd6 9. Nbd2 Bf5 10. Be2 a6 11. O-O h6 12. Bh2 Qc7 13. Qc1 Rad8 14. Re1 Bh7 15. Rf1 Rfe8 16. Nb3 Kh8 17. Bd1 Bd3 18. Re1 e4 19. Bxd6 Rxd6 20. Nfd4 Nd7 21. Be2 Nce5 22. Rf1 Rg6 23. Bxd3 Nxd3 24. Qd2 N7e5 25. Rab1 Qe7 26. Nc1 Qh4 27. Nxd3 Nxd3 28. Kh2 Re5 29. g3 Qd8 30. Nf3 Rh5 31. Nh4 Rxh4 32. gxh4 Qxh4 33. Qc2 Ne5 34. Qc1 {normal} 0-1

[Event "GER-ch Youth U18w 2019"]
[Site "Willingen"]
[Date "2019.06.13"]
[Round "7.9"]
[White "Mundt, Alexandra"]
[Black "Fuchs, Emily"]
[Result "1-0"]
[ECO "A05"]
[WhiteElo "1797"]
[BlackElo "1384"]
[Annotator "NA RC"]
[PlyCount "118"]
[EventDate "2019.06.07"]
[EventType "swiss"]
[EventRounds "9"]
[EventCountry "GER"]
[SourceTitle "playchess.com"]
[Source "ChessBase"]
[SourceQuality "1"]
[TimeControl "40/5400+30:1800+30"]

1. Nf3 Nf6 2. c4 e6 3. g3 b6 4. Bg2 Bb7 5. b3 Be7 6. Bb2 c5 7. O-O Nc6 8. e3 d5 9. cxd5 exd5 10. d4 O-O 11. Nbd2 Rc8 12. a3 Re8 13. Qe2 Qc7 14. dxc5 Bxc5 15. b4 Bd6 16. Rac1 Qd7 17. Ng5 Be5 18. Bh3 Qd6 19. Bxe5 Qxe5 20. Bxc8 Rxc8 21. Ngf3 Qe7 22. Qd3 Rd8 23. b5 Ne5 24. Nxe5 Qxe5 25. Nf3 Qe7 26. Nd4 Ne4 27. Nc6 Bxc6 28. Rxc6 Nc5 29. Qf5 h6 30. Rc8 Rxc8 31. Qxc8+ Qf8 32. Qxf8+ Kxf8 33. Rd1 Ke7 34. Rxd5 g6 35. f3 f6 36. Kf2 Nd7 37. Ke2 Ne5 38. Rxe5+ fxe5 39. Kd3 Kd6 40. Kc4 Ke6 41. h4 Kd6 42. f4 h5 43. e4 Ke6 44. a4 Kd6 45. f5 gxf5 46. exf5 e4 47. Kd4 e3 48. Kxe3 Ke5 49. f6 Kxf6 50. Kf4 Ke6 51. Kg5 Kd5 52. Kxh5 Kc4 53. g4 Kb4 54. g5 Kxa4 55. g6 Kxb5 56. g7 a5 57. g8=Q a4 58. Kg5 Kb4 59. h5 a3 {[%emt 0:00:19] normal} 1-0

[Event "GER-ch Youth U18w 2019"]
[Site "Willingen"]
[Date "2019.06.13"]
[Round "7.10"]
[White "Trams, Emma Joe"]
[Black "Tampe, Friederike"]
[Result "1/2-1/2"]
[ECO "C84"]
[WhiteElo "1418"]
[BlackElo "1512"]
[Annotator "NA"]
[PlyCount "90"]
[EventDate "2019.06.07"]
[EventType "swiss"]
[EventRounds "9"]
[EventCountry "GER"]
[SourceTitle "playchess.com"]
[Source "ChessBase"]
[SourceQuality "1"]
[TimeControl "40/5400+30:1800+30"]

1. e4 e5 2. Nf3 Nc6 3. Bb5 a6 4. Ba4 Nf6 5. O-O Be7 6. d3 b5 7. Bb3 d6 8. h3 Na5 9. c3 Nxb3 10. Qxb3 O-O 11. Re1 Bb7 12. Nbd2 Re8 13. Nf1 Bf8 14. Ng3 g6 15. Bd2 c5 16. c4 Bc6 17. Qc2 Rb8 18. b3 Qc7 19. a4 Rb7 20. Ra3 Reb8 21. Rea1 bxa4 22. bxa4 Rb2 23. Qd1 Qb7 24. Bc3 Rb3 25. Nd2 Rxa3 26. Rxa3 Qd7 27. a5 Ne8 28. Nb1 Nc7 29. Bd2 Ne6 30. Ne2 Qb7 31. Nbc3 Nd4 32. Nc1 f5 33. f3 f4 34. Ra1 Qc8 35. Nd5 g5 36. Be1 Kf7 37. Ne2 Be7 38. Nxd4 exd4 39. Nxe7 Kxe7 40. Rb1 Kf6 41. Rxb8 Qxb8 42. Qc2 Bd7 43. Kf2 h5 44. Kg1 Ke5 45. Kf2 Qb7 {normal} 1/2-1/2

[Event "GER-ch Youth U18w 2019"]
[Site "Willingen"]
[Date "2019.06.13"]
[Round "7.11"]
[White "Gauchel, Verena"]
[Black "Kuemmel, Tina"]
[Result "1-0"]
[ECO "A48"]
[WhiteElo "1534"]
[BlackElo "1446"]
[Annotator "NA RC"]
[PlyCount "64"]
[EventDate "2019.06.07"]
[EventType "swiss"]
[EventRounds "9"]
[EventCountry "GER"]
[SourceTitle "playchess.com"]
[Source "ChessBase"]
[SourceQuality "1"]
[TimeControl "40/5400+30:1800+30"]

1. d4 Nf6 2. Nf3 g6 3. c4 Bg7 4. Nc3 O-O 5. Bg5 d6 6. e3 Nbd7 7. Be2 c6 8. O-O a6 9. a4 a5 10. Qc2 b6 11. Rad1 Ba6 12. e4 Qc7 13. Rd2 Rfe8 14. Rfd1 h6 15. Bh4 c5 16. d5 Nh5 17. Ne1 Nf4 18. b3 Ne5 19. Bg3 Nxe2+ 20. Rxe2 g5 21. h3 Bc8 22. Nd3 Nxd3 23. Qxd3 f5 24. Nb5 Qb8 25. exf5 Bd7 26. Na3 Qc8 27. h4 Bxf5 28. Qd2 Bf6 29. hxg5 hxg5 30. Rde1 Qd7 31. Nb5 Rf8 32. f3 Kg7 {[%emt 0:04:40] normal} 1-0

[Event "GER-ch Youth U18w 2019"]
[Site "Willingen"]
[Date "2019.06.13"]
[Round "7.12"]
[White "Peters, Jenna Maria Lara"]
[Black "Schneider, Xenia"]
[Result "0-1"]
[ECO "B20"]
[WhiteElo "1594"]
[BlackElo "1364"]
[Annotator "NA"]
[PlyCount "38"]
[EventDate "2019.06.07"]
[EventType "swiss"]
[EventRounds "9"]
[EventCountry "GER"]
[SourceTitle "playchess.com"]
[Source "ChessBase"]
[SourceQuality "1"]
[TimeControl "40/5400+30:1800+30"]

1. e4 c5 2. b3 b6 3. Bb2 Bb7 4. Nc3 e6 5. Nf3 Ne7 6. d4 cxd4 7. Nxd4 a6 8. Bd3 Nbc6 9. Nxc6 Nxc6 10. O-O Qh4 11. Qd2 Bd6 12. g3 Qh3 13. Na4 Ne5 14. f4 Nxd3 15. Qxd3 b5 16. Qxd6 Bxe4 17. Rf2 bxa4 18. Bxg7 Rg8 19. Bf6 Rxg3+ {normal} 0-1

[Event "GER-ch Youth U18w 2019"]
[Site "Willingen"]
[Date "2019.06.13"]
[Round "7.13"]
[White "Kadach, Maria"]
[Black "Gesell, Patricia"]
[Result "1-0"]
[ECO "D00"]
[WhiteElo "1448"]
[BlackElo "1046"]
[Annotator "NA"]
[PlyCount "39"]
[EventDate "2019.06.07"]
[EventType "swiss"]
[EventRounds "9"]
[EventCountry "GER"]
[SourceTitle "playchess.com"]
[Source "ChessBase"]
[SourceQuality "1"]
[TimeControl "40/5400+30:1800+30"]

1. d4 d5 2. Bf4 Bf5 3. e3 Nf6 4. Nd2 e6 5. c3 c5 6. Ngf3 c4 7. Be2 Bd6 8. Bg3 Bxg3 9. hxg3 h6 10. Ne5 Nbd7 11. f4 Qc7 12. g4 Bg6 13. Nxg6 fxg6 14. g5 Ng8 15. Nf3 Ne7 16. g4 O-O-O 17. Kd2 h5 18. Nh4 hxg4 19. Bxg4 Qd6 20. Qc2 {normal} 1-0

[Event "GER-ch Youth U18w 2019"]
[Site "Willingen"]
[Date "2019.06.14"]
[Round "8.1"]
[White "Schulze, Lara"]
[Black "Moenster, Madita"]
[Result "1/2-1/2"]
[ECO "B24"]
[WhiteElo "2160"]
[BlackElo "1994"]
[Annotator "NA"]
[PlyCount "66"]
[EventDate "2019.06.07"]
[EventType "swiss"]
[EventRounds "9"]
[EventCountry "GER"]
[SourceTitle "playchess.com"]
[Source "ChessBase"]
[SourceQuality "1"]
[TimeControl "40/5400+30:1800+30"]

1. e4 c5 2. Nc3 Nc6 3. Nf3 d6 4. d4 cxd4 5. Nxd4 e5 6. Ndb5 a6 7. Na3 Be7 8. Nc4 b5 9. Ne3 Nf6 10. Bd3 O-O 11. O-O Rb8 12. a4 Nb4 13. axb5 axb5 14. Bxb5 Nxe4 15. Qe2 Nxc3 16. bxc3 Qb6 17. cxb4 Qxb5 18. Qxb5 Rxb5 19. c4 Rxb4 20. Nd5 Rb7 21. Ba3 Rd8 22. Rad1 Kf8 23. Rfe1 Be6 24. Nxe7 Kxe7 25. Rxe5 Rb3 26. Re3 Rxe3 27. fxe3 Bxc4 28. Bb2 g6 29. g4 f6 30. Ra1 Rd7 31. Ra4 d5 32. Bd4 Rb7 33. Ra7 Rxa7 {[%emt 0:00:46] normal} 1/2-1/2

[Event "GER-ch Youth U18w 2019"]
[Site "Willingen"]
[Date "2019.06.14"]
[Round "8.2"]
[White "Ziegenfuss, Antonia"]
[Black "Nguyen, Ha Thanh"]
[Result "1-0"]
[ECO "A30"]
[WhiteElo "2111"]
[BlackElo "1940"]
[Annotator "NA"]
[PlyCount "81"]
[EventDate "2019.06.07"]
[EventType "swiss"]
[EventRounds "9"]
[EventCountry "GER"]
[SourceTitle "playchess.com"]
[Source "ChessBase"]
[SourceQuality "1"]
[TimeControl "40/5400+30:1800+30"]

1. c4 c5 2. Nf3 Nc6 3. e3 g6 4. d4 cxd4 5. exd4 Bg7 6. d5 Ne5 7. Nxe5 Bxe5 8. Be2 d6 9. O-O Bg7 10. Nc3 Nf6 11. Be3 O-O 12. h3 Nd7 13. Qd2 Re8 14. Rfe1 a6 15. Bf1 Ne5 16. Bd4 Qc7 17. b3 f6 18. f4 Nf7 19. Re2 Nh6 20. Rae1 Nf5 21. Bf2 Bf8 22. Na4 Bd7 23. Nb6 Rab8 24. Nxd7 Qxd7 25. Re4 Rec8 26. Bd3 Qc7 27. R4e2 Ng7 28. a4 a5 29. Bd4 b6 30. Qe3 Rb7 31. Qf2 Rcb8 32. f5 g5 33. h4 h6 34. hxg5 hxg5 35. Qf3 Qc8 36. Kf2 Rc7 37. Rh1 Kf7 38. Rh7 Kg8 39. Qh3 Qd7 40. Rh8+ Kf7 41. Qh7 {[%emt 0:30:13] normal} 1-0

[Event "GER-ch Youth U18w 2019"]
[Site "Willingen"]
[Date "2019.06.14"]
[Round "8.3"]
[White "Poetsch, Leonore"]
[Black "Arnhold, Steffi"]
[Result "1/2-1/2"]
[ECO "B40"]
[WhiteElo "1982"]
[BlackElo "1996"]
[Annotator "NA"]
[PlyCount "56"]
[EventDate "2019.06.07"]
[EventType "swiss"]
[EventRounds "9"]
[EventCountry "GER"]
[SourceTitle "playchess.com"]
[Source "ChessBase"]
[SourceQuality "1"]
[TimeControl "40/5400+30:1800+30"]

1. e4 c5 2. Nf3 e6 3. c3 Nf6 4. e5 Nd5 5. d4 cxd4 6. cxd4 d6 7. Bb5+ Bd7 8. Bxd7+ Nxd7 9. O-O Qc7 10. Re1 Be7 11. Bd2 O-O 12. exd6 Bxd6 13. Nc3 Nxc3 14. bxc3 Bf4 15. Bxf4 Qxf4 16. c4 Nb6 17. Qb3 Qc7 18. Rec1 Rfc8 19. Rab1 Rab8 20. a4 Nxc4 21. h3 a6 22. a5 b5 23. axb6 Rxb6 24. Qd3 Rc6 25. Ra1 h6 26. Rc2 a5 27. Rac1 a4 28. Nd2 {[%emt 0:05:59] normal} Na5 {[%emt 0:02:56] normal} 1/2-1/2

[Event "GER-ch Youth U18w 2019"]
[Site "Willingen"]
[Date "2019.06.14"]
[Round "8.4"]
[White "Reitz, Theresa"]
[Black "Moeller, Lisa-Marie"]
[Result "1-0"]
[ECO "A04"]
[WhiteElo "1976"]
[BlackElo "1900"]
[Annotator "NA"]
[PlyCount "69"]
[EventDate "2019.06.07"]
[EventType "swiss"]
[EventRounds "9"]
[EventCountry "GER"]
[SourceTitle "playchess.com"]
[Source "ChessBase"]
[SourceQuality "1"]
[TimeControl "40/5400+30:1800+30"]

1. Nf3 c5 2. g3 g6 3. Bg2 Bg7 4. d4 cxd4 5. Nxd4 Nc6 6. Nb3 d6 7. Nc3 Nf6 8. O-O O-O 9. h3 Qd7 10. e4 Rb8 11. Qe2 a6 12. a4 b6 13. Rd1 Bb7 14. Nd5 Nxd5 15. exd5 Nd8 16. c3 b5 17. axb5 Qxb5 18. Qc2 e6 19. c4 Rc8 20. cxb5 Rxc2 21. bxa6 Ba8 22. dxe6 Bxg2 23. Kxg2 fxe6 24. Be3 Nc6 25. Rxd6 Rxb2 26. Rxc6 Rxb3 27. Rac1 Rbb8 28. Rxe6 Kf7 29. Rec6 Rfe8 30. a7 Ra8 31. Rc7+ Kg8 32. Rb7 Be5 33. Rd1 Red8 34. Rxd8+ Rxd8 35. Bf4 {[%emt 0:00:19] normal} 1-0

[Event "GER-ch Youth U18w 2019"]
[Site "Willingen"]
[Date "2019.06.14"]
[Round "8.5"]
[White "Koenze, Heike"]
[Black "Ratay, Meike"]
[Result "0-1"]
[ECO "B90"]
[WhiteElo "1919"]
[BlackElo "1991"]
[Annotator "NA"]
[PlyCount "88"]
[EventDate "2019.06.07"]
[EventType "swiss"]
[EventRounds "9"]
[EventCountry "GER"]
[SourceTitle "playchess.com"]
[Source "ChessBase"]
[SourceQuality "1"]
[TimeControl "40/5400+30:1800+30"]

1. e4 c5 2. Nf3 d6 3. d4 Nf6 4. Nc3 cxd4 5. Nxd4 a6 6. Be3 e5 7. Nb3 Be6 8. f3 Be7 9. g4 O-O 10. g5 Nh5 11. Qd2 Nd7 12. O-O-O b5 13. Rg1 Qc7 14. Qf2 b4 15. Nd5 Bxd5 16. exd5 a5 17. Kb1 Rfc8 18. Bh3 a4 19. Nc1 Rcb8 20. Qh4 g6 21. Bxd7 Qxd7 22. Rg4 Qf5 23. Rxb4 Qxf3 24. Rd3 Rxb4 25. Qxb4 Nf4 26. Bxf4 Qxf4 27. Qxf4 exf4 28. h4 h6 29. gxh6 Bxh4 30. c4 Bf2 31. b4 axb3 32. axb3 g5 33. Ne2 Bc5 34. Kc2 Kh7 35. Rf3 Kxh6 36. Nxf4 gxf4 37. Rxf4 Ra2+ 38. Kd3 Rf2 39. Rxf2 Bxf2 40. b4 f5 41. c5 dxc5 42. b5 Bg3 43. Kc4 Bd6 44. b6 Kg6 {[%emt 0:00:49] normal} 0-1

[Event "GER-ch Youth U18w 2019"]
[Site "Willingen"]
[Date "2019.06.14"]
[Round "8.6"]
[White "Koehler, Inken"]
[Black "Kobald, Jacqueline"]
[Result "1/2-1/2"]
[ECO "B20"]
[WhiteElo "1975"]
[BlackElo "1839"]
[Annotator "NA"]
[PlyCount "71"]
[EventDate "2019.06.07"]
[EventType "swiss"]
[EventRounds "9"]
[EventCountry "GER"]
[SourceTitle "playchess.com"]
[Source "ChessBase"]
[SourceQuality "1"]
[TimeControl "40/5400+30:1800+30"]

1. e4 c5 2. d3 Nc6 3. f4 g6 4. Nf3 Bg7 5. Be2 d6 6. c3 Nf6 7. O-O O-O 8. Kh1 b5 9. a3 a5 10. Nbd2 Ng4 11. Nb1 Bd7 12. d4 cxd4 13. Bxb5 Ne3 14. Bxe3 dxe3 15. a4 Na7 16. Bxd7 Qxd7 17. Na3 Qb7 18. Qc2 Rab8 19. Rab1 Rfc8 20. Qd3 Qc6 21. Qxe3 Rc7 22. Nc2 Qxa4 23. Ncd4 Qc4 24. e5 Rxb2 25. exd6 exd6 26. Rxb2 Qxf1+ 27. Ng1 Bf8 28. Rb8 Rc8 29. Nc6 Rxb8 30. Nxb8 Nc8 31. Nd7 Be7 32. Nb6 Nxb6 33. Qxe7 Qb5 34. Qxd6 a4 35. f5 gxf5 36. Qd8+ {[%emt 0:02:38] normal} 1/2-1/2